 Dungeon Crawl Stone Soup version 0.20-a0-700-gbd4582c (console) character file.

119051 nht the Brawler (level 16, 0/244 HPs)
             Began as a Troll Fighter on Feb 20, 2017.
             Was the Champion of Ieoh Jian.
             Succumbed to a redback's poison
             ... on level 2 of the Spider Nest.
             The game lasted 01:19:30 (21182 turns).

nht the Brawler (Troll Fighter)                    Turns: 21182, Time: 01:19:31

Health: 0/244      AC:  8    Str: 38    XL:     16   Next: 26%
Magic:  6/6        EV:  9    Int:  4    God:    Ieoh Jian [******]
Gold:   1783       SH:  0    Dex:  9    Spells: 15/15 levels left

rFire    . . .     SeeInvis +     - Unarmed
rCold    . . .     Gourm    +   W - +2 robe of Cheibriados's Fury {rPois MP-9 SInv}
rNeg     . . .     Faith    .   I - +1 large shield {reflect}
rPois    +         Spirit   .   (helmet restricted)
rElec    .         Reflect  +   N - +0 cloak
rCorr    +         Harm     .   (gloves unavailable)
MR       +....                  (boots unavailable)
Stlth    ..........             i - amulet of rage
Regen    0.9/turn               U - ring of resist corrosion
MPRegen  0.1/turn               g - +5 ring of slaying

@: confused, berserking, lethally poisoned (0 -> -7), very slightly
contaminated, hasted, very quick
A: unfitting armour, claws 3, fast metabolism 3, gourmand, regeneration 1,
shaggy fur 1, tough skin 2
a: Serpent's Lash, Heaven On Earth, Renounce Religion, Evoke Berserk Rage


You were on level 2 of the Spider Nest.
You worshipped Ieoh Jian.
Ieoh Jian was exalted by your worship.
You were very full.

You visited 6 branches of the dungeon, and saw 27 of its levels.

You collected 2316 gold pieces.
You spent 533 gold pieces at shops.

Inventory:

Missiles
 v - 13 javelins
 D - 60 tomahawks (quivered)
 H - 3 throwing nets
 O - 6 curare-tipped needles
 P - 8 silver tomahawks
 S - 21 large rocks
Armour
 a - a +0 troll leather armour
 I - a +1 large shield of reflection (worn)
 N - a +0 cloak (worn)
 W - the +2 robe of Cheibriados's Fury (worn) {rPois MP-9 SInv}
   (You bought it in a shop on level 2 of the Orcish Mines)

   It protects you from poison.
   It affects your magic capacity (-9).
   It lets you see invisible.
Jewellery
 g - a +5 ring of slaying (left claw)
 i - an amulet of rage (around neck)
 s - an uncursed ring of positive energy
 A - an uncursed ring of protection from cold
 M - an uncursed ring of flight
 U - a ring of resist corrosion (right claw)
Wands
 b - a wand of polymorph (9/24)
 j - a wand of iceblast (7/15)
 n - a wand of paralysis (2/24)
 w - a wand of disintegration (3/24)
 y - a wand of confusion (28/48)
 F - a wand of lightning (8/15)
 K - a wand of flame (7/48)
 Q - a wand of flame (9/48)
 R - a wand of lightning (10/15)
 T - a wand of disintegration (19/24)
 Z - a wand of confusion (25/48)
Scrolls
 e - 8 scrolls of remove curse
 o - 9 scrolls of teleportation
 q - 4 scrolls of recharging
 r - 4 scrolls of magic mapping
 B - 3 scrolls of enchant weapon
 G - a scroll of holy word
 J - 2 scrolls of blinking
 V - 3 scrolls of enchant armour
 X - 8 scrolls of identify
 Y - 2 scrolls of fog
Potions
 h - 2 potions of resistance
 k - 2 potions of magic
 l - 3 potions of might
 m - a potion of agility
 t - 3 potions of haste
 u - 2 potions of heal wounds
 z - 5 potions of invisibility
 C - 3 potions of mutation
 E - 2 potions of brilliance
 L - 2 potions of flight
Comestibles
 d - 10 bread rations
 f - 8 meat rations
 p - 19 royal jellies
 x - 28 fruits


   Skills:
 - Level 11.6 Fighting
 + Level 4.9 Throwing
 - Level 5.2 Armour
 - Level 2.4 Dodging
 - Level 11.2 Shields
 - Level 20.1 Unarmed Combat


You had 15 spell levels left.
You didn't know any spells.

Dungeon Overview and Level Annotations

Branches:
Dungeon (15/15)            Temple (1/1) D:4            Lair (6/6) D:11
 Shoals (0/4) Lair:4       Spider (2/4) Lair:4        Slime (1/5) Lair:5
    Orc (2/2) D:9             Elf (0/3) Orc:2        Vaults (0/5) D:14
 Depths (0/5) D:15

Altars:
Ashenzari
Cheibriados
Dithmenos
Elyvilon
Fedhas
Gozag
Hepliaklqana Ieoh Jian
Kikubaaqudgha
Makhleb
Nemelex Xobeh
Okawaru
Qazlal
Ru
Trog
Uskayaw
Vehumet
Yredelemnul
Zin
The Shining One
Beogh

Shops:
D:9 %   D:12 *   Orc:2 ?([[

Annotations:
D:2 exclusion: oklob plant
D:3 Jessica
D:9 1 runed door
D:15 exclusion: Roxanne, Roxanne


Innate Abilities, Weirdness & Mutations

You are too large for most types of armour.
You have claws for hands.
Your metabolism is lightning-fast.
You like to eat raw meat.
Your natural rate of healing is unusually fast.
You are covered in fur. (AC +1)
You have very tough skin. (AC +2)


Message History

The redback bites you!
* * * LOW HITPOINT WARNING * * *
You're too confused to move!
You feel sick. The redback barely misses you. The tarantella bites you.
* * * LOW HITPOINT WARNING * * *
The redback bites you but does no damage.
You feel a strong urge to attack something.
A jumping spider comes into view.
You feel sick.
The jumping spider hisses angrily. 2 redbacks come into view.
You barely miss the redback.
You feel sick. The redback bites you.
* * * LOW HITPOINT WARNING * * *
The tarantella bites you!
* * * LOW HITPOINT WARNING * * *
The jumping spider leaps!
A jumping spider, a redback and a demonic crawler come into view.
You mangle the redback!!
The redback is severely wounded.
You die...

.....s.....
█....s..s.█
██....s...%█
█......^.%.█
█.........█
........█
█████^....██
█..█^.@....█
███.....ss██..█
█...<...(†.█ █
██......█^██
██...s████
.....§.█
..........
██.s.....██
.........


You could see a demonic crawler, 2 jumping spiders, a tarantella and 4 redbacks.

Vanquished Creatures
  Saint Roka (Orc:2)
  Rupert (D:14)
  An acid blob (Lair:5)
  Donald (Orc:2)
  An orc warlord (Orc:2)
  Azrael (Orc:2)
  Nessos (Lair:4)
  9 hydras
  Harold (D:10)
  A centaur warrior (D:12)
  5 two-headed ogres
  A catoblepas (Lair:6)
  2 death knights (D:14)
  4 death yaks (Lair:3)
  An ogre mage (D:14)
  An orc high priest (Orc:2)
  Urug (Lair:3)
  A skeletal warrior (D:14)
  Sonja (Lair:4)
  A deep elf archer (D:14)
  2 unseen horrors
  A phantasmal warrior (D:14)
  7 orc sorcerers
  3 orb spiders (Spider:1)
  2 manticores
  An orc knight (D:14)
  6 wolf spiders
  10 ugly things
  A moth of wrath (Spider:2)
  5 deep elf magi
  A salamander (D:15)
  4 cyclopes
  12 black mambas
  Joseph (D:7)
  A guardian serpent (Lair:6)
  A torpor snail (shapeshifter) (D:15)
  2 gargoyles
  4 centaur zombies
  13 spiny frogs
  3 yaktaurs (D:14)
  8 komodo dragons
  An efreet (D:15)
  A freezing wraith (D:15)
  6 demonic crawlers
  2 rime drakes
  A merfolk (D:10)
  5 trolls
  5 jumping spiders
  11 polar bears
  4 hornets
  16 slime creatures
  13 blink frogs
  A raiju (Lair:6)
  13 hippogriffs
  3 wraiths (D:14)
  A spriggan (D:10)
  15 redbacks
  2 vampires
  7 wyverns
  55 yaks
  A shadow (D:14)
  A human (D:10)
  2 water elementals (D:13)
  8 tarantellas
  2 basilisks
  A fire bat (shapeshifter) (D:15)
  A fire elemental (Orc:2)
  2 hungry ghosts
  10 wargs
  A soldier ant (shapeshifter) (D:13)
  Edmund (D:4)
  20 hell hounds
  An acid dragon (D:12)
  A soldier ant (D:11)
  31 water moccasins
  Duvessa (D:7)
  6 porcupines
  28 orc warriors
  6 sky beasts
  An ice beast (D:5)
  3 phantoms
  13 black bears
  A necrophage (D:12)
  12 ogres
  3 eyes of draining
  13 centaurs
  29 wolves
  14 crocodiles
  5 big kobolds
  16 bullfrogs
  8 scorpions
  3 wyvern skeletons (D:14)
  Dowan (D:7)
  20 killer bees
  18 wights
  5 howler monkeys
  14 electric eels
  11 crimson imps
  2 quasits (D:10)
  A bullfrog zombie (D:9)
  6 hounds
  6 centaur skeletons
  8 jellies
  20 orc priests
  2 gnoll shamans
  2 iguanas
  48 orc wizards
  16 worker ants
  A howler monkey zombie (D:11)
  54 gnolls
  2 howler monkey skeletons
  12 adders
  3 shadow imps
  5 oozes (Lair:5)
  3 adder skeletons
  2 adder zombies
  2 worms (D:3)
  133 orcs
  5 ball pythons
  A bat skeleton (D:2)
  5 giant cockroaches
  2 hobgoblins
  20 jackals
  3 quokkas
  14 bats
  2 frilled lizards
  4 goblins
  29 kobolds
  A leopard gecko skeleton (D:2)
  A quokka zombie (D:2)
  3 rats
  4 plants
1022 creatures vanquished.

Vanquished Creatures (others)
  2 yaktaurs (D:14)
  A water moccasin (Lair:5)
  An orc (D:13)
  2 kobolds (D:14)
  35 fungi
  29 plants
70 creatures vanquished.

Grand Total: 1092 creatures vanquished

Notes
Turn   | Place    | Note
-------+----------+-------------------------------------------
     0 | D:1      | nht the Troll Fighter began the quest for the Orb.
     0 | D:1      | Reached XP level 1. HP: 22/22 MP: 0/0
    66 | D:1      | You fall through a shaft!
   154 | D:2      | Reached XP level 2. HP: 29/29 MP: 1/1
   262 | D:2      | Reached skill level 3 in Unarmed Combat
   323 | D:2      | Reached XP level 3. HP: 25/36 MP: 2/2
   350 | D:2      | Reached skill level 4 in Unarmed Combat
   353 | D:2      | Reached XP level 4. HP: 35/44 MP: 3/3
   570 | D:2      | Found a blossoming altar of Fedhas.
   584 | D:2      | Noticed an oklob plant
  1246 | D:3      | Reached skill level 5 in Unarmed Combat
  1255 | D:3      | Found a radiant altar of Vehumet.
  1568 | D:3      | Reached XP level 5. HP: 44/50 MP: 4/4
  1851 | D:3      | Found a burning altar of Makhleb.
  1852 | D:3      | Noticed Jessica
  1932 | D:4      | Found an iron altar of Okawaru.
  1964 | D:4      | Reached skill level 6 in Unarmed Combat
  2007 | D:4      | Noticed Edmund
  2018 | D:4      | Killed Edmund
  2018 | D:4      | Reached XP level 6. HP: 48/59 MP: 5/5
  2195 | D:4      | Found a staircase to the Ecumenical Temple.
  2200 | D:4      | Reached skill level 7 in Unarmed Combat
  2214 | Temple   | Entered the Ecumenical Temple
  2577 | D:4      | Reached XP level 7. HP: 38/66 MP: 6/6
  2684 | D:4      | Reached skill level 8 in Unarmed Combat
  2707 | D:5      | Entered Level 5 of the Dungeon
  2966 | D:5      | Found an ornate altar of the Ieoh Jian Council.
  3018 | D:5      | Found a white marble altar of Elyvilon.
  3052 | D:5      | Became a worshipper of the Ieoh Jian Council
  3096 | D:5      | Found a radiant altar of Vehumet.
  3149 | D:5      | Found a sacrificial altar of Ru.
  3242 | D:5      | Reached skill level 9 in Unarmed Combat
  3281 | D:5      | Reached XP level 8. HP: 67/74 MP: 7/7
  3760 | D:6      | Reached skill level 10 in Unarmed Combat
  3805 | D:6      | Reached * piety under Ieoh Jian
  4091 | D:5      | Reached skill level 11 in Unarmed Combat
  4264 | D:6      | Reached ** piety under Ieoh Jian
  4428 | D:6      | Reached XP level 9. HP: 48/81 MP: 8/8
  4613 | D:6      | Reached *** piety under Ieoh Jian
  5193 | D:7      | Reached skill level 12 in Unarmed Combat
  5219 | D:7      | Noticed Duvessa
  5219 | D:7      | Noticed Dowan
  5223 | D:7      | Killed Dowan
  5231 | D:7      | Killed Duvessa
  5636 | D:7      | Found a bloodstained altar of Trog.
  5730 | D:7      | Reached **** piety under Ieoh Jian
  5732 | D:7      | Reached XP level 10. HP: 57/94 MP: 9/9
  5896 | D:7      | Found a bloodstained altar of Trog.
  5949 | D:7      | Noticed Joseph
  5953 | D:7      | Killed Joseph
  6299 | D:8      | You fall through a shaft!
  6309 | D:9      | Reached skill level 5 in Shields
  6314 | D:9      | Found a runed door.
  6321 | D:9      | Noticed a sixfirhy
  6407 | D:9      | Found a shadowy altar of Dithmenos.
  6438 | D:9      | Found a staircase to the Orcish Mines.
  6509 | D:9      | Reached skill level 13 in Unarmed Combat
  6566 | D:9      | Found a shattered altar of Ashenzari.
  6576 | D:9      | Reached skill level 5 in Fighting
  6655 | D:9      | Found a hide-covered altar of Uskayaw.
  6914 | D:9      | Noticed a two-headed ogre
  7107 | D:9      | Killed a two-headed ogre
  7134 | D:9      | Found Plog's Food Boutique.
  7149 | D:10     | Entered Level 10 of the Dungeon
  7220 | D:10     | Noticed Harold
  7226 | D:10     | Killed Harold
  7303 | D:10     | Reached ***** piety under Ieoh Jian
  7326 | D:10     | Reached XP level 11. HP: 64/105 MP: 10/10
  7440 | D:10     | Reached skill level 14 in Unarmed Combat
  7734 | D:10     | Noticed a two-headed ogre
  7738 | D:10     | Killed a two-headed ogre
  8129 | D:11     | Found a staircase to the Lair.
  8131 | D:11     | Noticed a five-headed hydra
  8280 | D:11     | Killed a six-headed hydra
  8280 | D:11     | Reached skill level 15 in Unarmed Combat
  8508 | D:11     | Noticed a two-headed ogre
  8520 | D:11     | Killed a two-headed ogre
  8520 | D:11     | Reached XP level 12. HP: 76/118 MP: 11/11
  8578 | D:11     | Noticed a two-headed ogre
  8585 | D:11     | Killed a two-headed ogre
  8724 | D:11     | Found a roughly hewn altar of Beogh.
  8823 | Lair:1   | Entered Level 1 of the Lair of Beasts
  9665 | Lair:2   | Reached skill level 16 in Unarmed Combat
  9742 | Lair:2   | Noticed a six-headed hydra
  9756 | Lair:2   | Killed a six-headed hydra
 10012 | Lair:3   | Reached ****** piety under Ieoh Jian
 10058 | Lair:3   | Noticed a death yak
 10059 | Lair:3   | Noticed a death yak
 10060 | Lair:3   | Noticed a death yak
 10061 | Lair:3   | Killed a death yak
 10063 | Lair:3   | Noticed a death yak
 10067 | Lair:3   | Killed a death yak
 10068 | Lair:3   | Killed a death yak
 10069 | Lair:3   | Killed a death yak
 10069 | Lair:3   | Reached XP level 13. HP: 80/128 MP: 12/12
 10133 | Lair:3   | Noticed Urug
 10135 | Lair:3   | nice sword
 10142 | Lair:3   | Killed Urug
 10786 | Lair:4   | Noticed Sonja
 10812 | Lair:4   | Killed Sonja
 10857 | Lair:4   | Found a hole to the Spider Nest.
 10992 | Lair:4   | Found a staircase to the Shoals.
 11013 | Lair:4   | Reached skill level 17 in Unarmed Combat
 11163 | Lair:4   | Noticed Nessos
 11170 | Lair:4   | Killed Nessos
 11942 | Lair:5   | Got a coiled glass ring
 11985 | Lair:5   | Found a staircase to the Slime Pits.
 11986 | Lair:5   | Identified the ring "Fuetas" {MP+9 Dex+3} (You found it on level 5 of the Lair of Beasts)
 12238 | Slime:1  | Entered Level 1 of the Pits of Slime
 12238 | Slime:1  | Noticed an acid blob
 12238 | Slime:1  | Noticed an acid blob
 12241 | Lair:5   | oops
 12244 | Lair:5   | Killed an acid blob
 12263 | Lair:6   | Entered Level 6 of the Lair of Beasts
 12355 | Lair:6   | HP: 2/132 [spiny frog (22)]
 12623 | Lair:6   | Reached XP level 14. HP: 73/141 MP: 13/13
 12625 | Lair:6   | Reached skill level 10 in Shields
 12656 | Lair:6   | HP: 7/141 [poisoned by a wolf spider]
 12661 | Lair:6   | HP: 3/141 [wolf spider (12)]
 12942 | Lair:6   | Reached skill level 18 in Unarmed Combat
 12954 | Lair:6   | Reached skill level 10 in Fighting
 13048 | Lair:6   | HP: 6/143 [black mamba (11)]
 14563 | Orc:1    | Entered Level 1 of the Orcish Mines
 14607 | Orc:1    | Paralysed by an orc sorcerer for 3 turns
 14658 | D:9      | Reached skill level 1 in Armour
 14985 | Orc:2    | Entered Level 2 of the Orcish Mines
 15362 | Orc:2    | Found Koweiw's Antique Armour Boutique.
 15362 | Orc:2    | Found Giross's Antique Armour Shoppe.
 15402 | Orc:2    | Bought a sheer robe for 159 gold pieces
 15412 | Orc:2    | Identified the +2 robe of Cheibriados's Fury {rPois MP-9 SInv} (You bought it in a shop on level 2 of the Orcish Mines)
 15448 | Orc:2    | Noticed Azrael
 15454 | Orc:2    | Killed Azrael
 15462 | Orc:2    | Reached skill level 19 in Unarmed Combat
 15468 | Orc:2    | Found a staircase to the Elven Halls.
 15613 | Orc:2    | Found Mottarozue's Magic Scroll Shoppe.
 15613 | Orc:2    | Found Cetel's Antique Weapon Boutique.
 15629 | Orc:2    | Bought a scroll of teleportation for 45 gold pieces
 15629 | Orc:2    | Bought a scroll of identify for 30 gold pieces
 15629 | Orc:2    | Bought a scroll of enchant armour for 112 gold pieces
 15629 | Orc:2    | Bought a scroll of blinking for 112 gold pieces
 15629 | Orc:2    | Bought a scroll of identify for 30 gold pieces
 15629 | Orc:2    | Bought a scroll of teleportation for 45 gold pieces
 15740 | Orc:2    | Found a roughly hewn altar of Beogh.
 15806 | Orc:2    | Noticed Saint Roka
 15817 | Orc:2    | Reached XP level 15. HP: 93/152 MP: 14/14
 15819 | Orc:2    | Noticed an orc warlord
 15819 | Orc:2    | Killed Saint Roka
 15836 | Orc:2    | Killed an orc warlord
 15943 | Orc:2    | Noticed Donald
 15955 | Orc:2    | Killed Donald
 16561 | D:12     | Found Yseriozu's Changing Room.
 17262 | D:12     | Identified a scroll of acquirement
 18422 | D:14     | Noticed Rupert
 18433 | D:14     | Killed Rupert
 19071 | D:14     | Found a gate to the Vaults.
 19718 | D:14     | Reached skill level 5 in Armour
 19737 | D:14     | Reached skill level 20 in Unarmed Combat
 19754 | D:15     | Entered Level 15 of the Dungeon
 19831 | D:15     | Noticed Roxanne
 20042 | D:15     | Reached XP level 16. HP: 119/163 MP: 15/15
 20140 | D:15     | Found a staircase to the Depths.
 20545 | D:12     | Reached skill level 1 in Throwing
 20687 | Spider:1 | Entered Level 1 of the Spider Nest
 21181 | Spider:2 | HP: 11/244 [redback (4)]
 21181 | Spider:2 | HP: 1/244 [tarantella (10)]
 21182 | Spider:2 | Succumbed to a redback's poison

Vault maps used:
D:1:      minmay_arrival_glassed_features, minmay_three_crescents
D:2:      tgw_fedhas, serial_undead, serial_undead_b, serial_undead_a,
          serial_undead_d, serial_undead_c, serial_bayou_pond_c
D:3:      nicolae_overflow_hidden_temple, vehumet_crystals, first_bread,
          uniq_jessica
D:4:      okawaru_ov_weapons_minmay, minmay_temple_entry_glassed_door,
          uniq_edmund
D:5:      kennysheep_mini, lemuel_coloured_pillars_altar,
          nicolae_ru_great_annihilating_truth, basic_altar,
          minmay_misc_feat_roman
D:6:      lemuel_castle_with_subvaults
D:7:      lemuel_crystal_altar, st_stairs_14, trog_ov_bears_minmay,
          uniq_duvessa, uniq_joseph
D:8:      kennysheep_mini_moat, lemuel_crystal_altar, serial_co_window_serial,
          co_window_paths_b, co_window_of_opportunity_a,
          co_window_of_opportunity_a, co_window_paths_a, co_window_paths_a,
          co_window_broadway_a, co_window_unsneaky_path_e, co_window_corner_cb,
          co_window_2corner, glass_columns_b, glass_columns_b,
          uniq_prince_ribbit1
D:9:      cheibrodos_shockbox, overflow_temple_1_default,
          eat_drink_and_be_merry_uskayaw, nicolae_overflow_crystal_walls,
          orc_0_dummy, serial_shops, kennysheep_little_box
D:10:     special_room, serial_glass, glass_columns_a, glass_columns_a,
          glass_columns_c, glass_columns_c, hangedman_stone_soup, uniq_harold
D:11:     due_lair_maze_entry_diamond, special_room
D:12:     old_forge, nicolae_transmutations_shop
D:14:     hangedman_vaults_entry_quadrant_bands, minmay_misc_feat_cross,
          uniq_rupert
D:15:     hangedman_depths_entry_try_elsewhere_first, uniq_roxanne
Temple:   nicolae_temple_figure_zero
Lair:1:   minmay_holes
Lair:2:   serial_bayou_pond_a
Lair:3:   statuecave_lemuel, minmay_stone_trees_large, serial_bayou_shore_a,
          uniq_urug
Lair:4:   minmay_lair_oklob_tunnel, elwin_shoals_entry_rocks,
          nicolae_spider_entry_tight_spaces, uniq_sonja, uniq_nessos
Lair:5:   nicolae_slime_entry_slimehenge, hangedman_lair_generics_rect
Lair:6:   hangedman_lair_tendril_chambers, hangedman_lair_caniforms_friends,
          infiniplex_staircase_pool
Spider:2: hangedman_spider_tarantella_strand, uniq_louise
Slime:1:  nicolae_slime_barrier
Orc:2:    st_orc_town, statue_in_the_mist_lemuel, uniq_azrael, uniq_donald,
          uniq_saint_roka

Skill      XL: |  1  2  3  4  5  6  7  8  9 10 11 12 13 14 15 16 |
---------------+-------------------------------------------------+-----
Unarmed Combat | 3 4 5 6 7 9 11 12 13 15 16 17 19 20 | 20.1
Fighting       | 3 4 5 7 8 9 10 11 | 11.6
Shields        | 3 4 6 7 8 9 10 11 | 11.2
Armour         | 2 5 |  5.2
Throwing       | 4 |  4.9
Dodging        | |  2.4

Action                   |  1- 3 |  4- 6 |  7- 9 | 10-12 | 13-15 | 16-18 || total
-------------------------+-------+-------+-------+-------+-------+-------++-------
Melee: Unarmed           |    44 |    98 |   319 |   577 |  1270 |   152 ||  2460
Throw: Javelin           |       |       |       |       |     1 |       ||     1
Invok: Serpent's Lash    |       |       |       |     1 |     6 |       ||     7
       Heaven On Earth   |       |       |       |     2 |     5 |       ||     7
Evoke: Wand              |       |       |       |    10 |    62 |       ||    72
  Use: Potion            |     2 |     1 |     1 |     3 |    18 |     1 ||    26
       Scroll            |       |       |    15 |     8 |     7 |       ||    30
 Stab: Sleeping          |       |     1 |       |       |     1 |       ||     2
       Distracted        |       |       |     2 |       |     6 |     1 ||     9
       Paralysed         |       |       |       |       |     6 |       ||     6
  Eat: Chunk             |     7 |    22 |    29 |    44 |    93 |    10 ||   205
Armor: Robe              |    16 |    25 |    32 |    45 |    47 |    11 ||   176
       Skin              |       |       |    17 |   118 |    87 |       ||   222
       Troll leather arm |       |       |       |       |    65 |     4 ||    69
Dodge: Dodged            |    15 |    17 |    83 |    95 |   166 |    24 ||   400
Block: Shield            |    22 |    44 |   105 |   158 |   323 |       ||   652
       Large shield      |       |       |       |       |   184 |    86 ||   270
       Reflection        |       |       |       |       |    51 |       ||    51
